 Dungeon Crawl Stone Soup version 0.31-a0-152-g6aa68a64a1 (webtiles) character file.

Game seed: 10753705230182560927

116232 qw the Marksgargoyle (level 16, -5/110 HPs)
             Began as a Gargoyle Hunter on June 10, 2023.
             Was an Elder of Okawaru.
             Slain by Asterion
             ... wielding a +2 spectral morningstar
              (13 damage)
             ... on level 1 of the Snake Pit.
             The game lasted 00:11:20 (20438 turns).

qw the Marksgargoyle (Gargoyle Hunter)             Turns: 20438, Time: 00:11:20

Health: -5/110     AC: 30    Str: 21    XL:     16   Next: 70%
Magic:  16/23      EV: 29    Int: 12    God:    Okawaru [****..]
Gold:   1244       SH:  0    Dex: 23    Spells: 15/15 levels left

rFire   + . .        Y - +3 longbow (drain)
rCold   + . .        (shield currently unavailable)
rNeg    + + .        z - +0 troll leather armour
rPois   inf          f - +1 helmet
rElec   +            c - +1 cloak "Eppeim" {rF+ Will+}
rCorr   +            w - +0 pair of gloves of the Tormentor {rF+ rN+ rCorr Stlth-}
SInv    .            q - +3 pair of seven-league boots {Rampage+∞}
Will    ++...        i - amulet of regeneration
Stlth   ++           n - ring of the Peasants {Ice rElec Str+6 Dex+4}
HPRegen 1.98/turn    d - +5 ring of evasion
MPRegen 0.18/turn

%: rampage+inf
@: heroic, finesse-ful, flying
A: sickness immunity, AC +12, big wings, negative energy resistance 1,
electricity resistance, torment resistance 1, petrification resistance
a: Renounce Religion, Heroism, Finesse


You were on level 1 of the Snake Pit.
You worshipped Okawaru.
Okawaru was greatly pleased with you.
You visited 5 branches of the dungeon, and saw 24 of its levels.

You collected 2281 gold pieces.
You spent 1037 gold pieces at shops.


Innate Abilities, Weirdness & Mutations

You are immune to sickness and miasma.
Your stone body is resilient. (AC +12)
You are immune to poison.
Your large and strong wings let you fly.
You resist negative energy. (rN+)
You are resistant to electric shocks. (rElec)
You are resistant to unholy torment.
You are immune to petrification.


   Skills:
 - Level 16.0(21.0) Fighting
 - Level 20.0(25.0) Ranged Weapons
 - Level 9.0(14.0) Armour
 + Level 10.0(15.0) Dodging
 - Level 1.1(6.1) Stealth
 - Level 10.1 Invocations


You had 15 spell levels left.
You didn't know any spells.
Your spell library was empty.

Inventory:

Hand Weapons
 x - a +1 longbow of flaming
 Y - a +3 longbow of draining (weapon)
Armour
 c - the +1 cloak "Eppeim" (worn) {rF+ Will+}
   (You acquired it on level 6 of the Dungeon)

   rF:        It protects you from fire.
   Will:      It increases your willpower.
 f - a +1 helmet (worn)
 g - a +2 pair of gloves
 q - the +3 pair of seven-league boots (worn) {Rampage+∞}
   (You found it on level 3 of the Lair of Beasts)

   Rampage+∞: When moving toward enemies, its wearer moves as far as possible,
   alerting their target en route.
 t - +0 acid dragon scales
 w - the +0 pair of gloves of the Tormentor (worn) {rF+ rN+ rCorr Stlth-}
   (Okawaru gifted it to you on level 10 of the Dungeon)

   rF:        It protects you from fire.
   rN:        It protects you from negative energy.
   rCorr:     It protects you from acid and corrosion.
   Stlth:     It makes you less stealthy.
 z - a +0 troll leather armour (worn)
 A - a +2 robe of fire resistance
 B - a +2 cloak of stealth
 C - a +1 ring mail of cold resistance
Jewellery
 a - a ring of see invisible
 d - a +5 ring of evasion (right hand)
 i - an amulet of regeneration (around neck)
 m - a ring of positive energy
 n - the ring of the Peasants (left hand) {Ice rElec Str+6 Dex+4}
   (You found it on level 2 of the Lair of Beasts)

   [ring of ice]

   It enhances your ice magic.
   Str:       It affects your strength (+6).
   Dex:       It affects your dexterity (+4).
   rF:        It makes you vulnerable to fire.
   rC:        It protects you from cold.
   rElec:     It insulates you from electricity.
 o - a ring of ice
 s - an amulet of faith
 y - a ring of willpower
Wands
 v - a wand of digging (6)
Scrolls
 b - 6 scrolls of teleportation
 l - 5 scrolls of identify
Potions
 e - 6 potions of attraction
 h - 5 potions of curing
 j - 2 potions of lignification
 k - 3 potions of mutation
 p - a potion of might
 r - a potion of resistance
 u - 2 potions of heal wounds

Dungeon Overview and Level Annotations

Branches:
Dungeon (15/15)            Temple (1/1) D:5            Lair (5/5) D:8
 Shoals (0/4) Lair:3        Snake (1/4) Lair:3        Slime (0/5) Lair:4
    Orc (2/2) D:11            Elf (0/3) Orc:2        Vaults (0/5) D:13
 Depths (0/4) D:15

Altars:
Ashenzari
Cheibriados
Dithmenos
Elyvilon
Fedhas
Gozag
Hepliaklqana
Kikubaaqudgha
Makhleb
Nemelex Xobeh
Okawaru
Qazlal
Ru
Sif Muna
Trog
Uskayaw
Vehumet
Wu Jian
Xom
Yredelemnul
Zin
The Shining One
Jiyva

Shops:
D:5 *   Orc:1 [   Orc:2 *?:[

Portals:
Pandemonium: Orc:2

Annotations:
D:2 1 runed translucent door, Crazy Yiuf
D:4 3 runed translucent doors, qw's ghost, weakling NaHu
Snake:1 Asterion; vinnietd's ghost, adept HaFi


Message History

You can now enter into single combat with a foe.
Okawaru will now gift you equipment as you gain piety.
Asterion bellows, "My home has fourteen doors!"
Asterion closely misses you.
The +2 spectral morningstar closely misses you.
Asterion misses you. The naga warrior misses you.
Asterion hits you with a +2 spectral morningstar!
The +2 spectral morningstar closely misses you.
Asterion barely misses you.
Your base Fighting skill increases to level 16!
20435 ||| INVOKING Finesse.
You can now deal lightning-fast blows.
You can no longer enter into single combat with a foe.
Okawaru will no longer gift you equipment.
You feel like a meek peon again.
Asterion hits you with a +2 spectral morningstar!!
The +2 spectral morningstar hits you! Asterion completely misses you.
The naga warrior completely misses you.
20436 ||| INVOKING Heroism.
You gain the combat prowess of a mighty hero.
Asterion completely misses you. The +2 spectral morningstar misses you.
Asterion gores you. The naga warrior spits poison at you.
The splash of poison hits you but does no damage.
You resist. The green death gestures at you.
The bolt of poison hits you but does no damage.
You resist.
Asterion chants and is briefly shrouded in fire.
Asterion closely misses you.
The +2 spectral morningstar barely misses you.
Asterion completely misses you.
You shoot an arrow. The arrow hits Asterion!!
Asterion is moderately wounded.
You shoot an arrow.
Asterion blocks the arrow.
The naga warrior completely misses you.
Asterion hits you with a +2 spectral morningstar!!
The +2 spectral morningstar barely misses you.
Asterion gores you!
You die...

#....)......
##...........
##........)...
#............. #######
##...........##
.......###..#...........
........#..##...........
#####.....##............
...S##(@.## ......... .
.##S8#H|## ....#....
#NW#.2N .......
...NN#.... ^..SS#^....
.:..N#......
.##.[#.......
#.8#........
#...##.SNS.N.##..


You could see Asterion (fast), 2 naga warriors, a green death (summoned), a
salamander mystic, 4 black mambas, 2 nagas, a +2 spectral morningstar and
vinnietd's ghost.

Vanquished Creatures
  Jorgrun (Snake:1)
  Frances (D:13)
  Roxanne (Snake:1)
  An azure jelly (Lair:5)
  An orc warlord (Orc:2)
  Nessos (D:13)
  A dire elephant (D:15)
  An entropy weaver (shapeshifter) (D:14)
  A great orb of eyes (D:15)
  A yaktaur captain (D:13)
  9 hydras
  Fannar (Lair:3)
  A demonspawn (Orc:2)
  5 catoblepae
  6 centaur warriors
  2 merfolk aquamancers (D:15)
  2 anacondas (Snake:1)
  4 boulder beetles
  5 two-headed ogres
  6 orc high priests (Orc:2)
  13 death yaks
  Urug (Orc:1)
  A shock serpent (Snake:1)
  Nergalle (D:11)
  Sonja (D:10)
  3 naga sharpshooters (Snake:1)
  3 skysharks
  2 skeletal warriors (D:13)
  Amaemon (D:8)
  A naga ritualist (Snake:1)
  2 wizards
  Pikel (D:6)
  3 mana vipers (Snake:1)
  7 manticores
  6 orc sorcerers (Orc:2)
  6 orc knights
  2 wolf spiders (D:15)
  4 deep elf pyromancers
  A salamander (Snake:1)
  8 black mambas
  A water nymph (D:15)
  A guardian serpent (Lair:3)
  4 centaur zombies (D:13)
  A torpor snail (Lair:3)
  A merfolk siren (Lair:3)
  A rust devil (Orc:2)
  16 cane toads
  An orange demon (D:8)
  3 unseen horrors
  A cane toad (shapeshifter) (D:13)
  A gargoyle (D:12)
  9 rime drakes
  A freezing wraith (D:14)
  Psyche (D:8)
  3 yaktaurs
  A kobold demonologist (D:10)
  An efreet (D:13)
  14 komodo dragons
  2 tengu conjurers (D:14)
  12 trolls
  2 merfolk (Lair:3)
  3 meliai (D:15)
  5 polar bears
  2 hellwings (Orc:2)
  16 blink frogs
  8 slime creatures
  Sigmund (D:5)
  2 shadows
  3 vampires
  15 wyverns
  8 wraiths
  51 yaks
  A human (D:11)
  A steam dragon (Lair:1)
  11 basilisks
  7 vampire mosquitoes
  Menkaure (D:7)
  6 nagas
  19 water moccasins
  2 wargs
  Duvessa (D:5)
  2 acid dragons
  3 floating eyes (D:10)
  36 orc warriors
  3 black bears
  9 ogres
  2 wolves (Lair:2)
  5 centaurs
  15 bullfrogs
  4 kobold brigands
  Blork the orc (D:5)
  2 gnoll sergeants
  4 wights (D:9)
  5 killer bees (D:10)
  Dowan (D:5)
  An electric eel (Lair:4)
  4 howler monkeys
  6 jellies
  3 gnoll boudas
  25 orc priests
  5 hounds
  A sleepcap (D:6)
  22 orc wizards
  4 iguanas
  7 hell rats (Lair:3)
  6 adders
  21 gnolls
  2 shadow imps
  3 white imps
  A dart slug (D:5)
  98 orcs
  11 endoplasms
  5 giant cockroaches
  7 goblins
  7 hobgoblins
  2 jackals (D:3)
  3 quokkas
  7 ball pythons
  4 bats
  8 kobolds
  3 rats
716 creatures vanquished.

Vanquished Creatures (others)
  A human (D:6)
  2 orcs (D:14)
3 creatures vanquished.

Grand Total: 719 creatures vanquished

Notes
Turn   | Place    | Note
-------+----------+-------------------------------------------
     0 | D:1      | qw the Gargoyle Hunter began the quest for the Orb.
     0 | D:1      | Reached XP level 1. HP: 12/12 MP: 1/1
     0 | D:1      | 0 ||| qw: Version: 0.2-a-123-gb51047a
     0 | D:1      | 0 ||| qw: Game counter: 3684
     0 | D:1      | 0 ||| qw: Always use a shield: true
     0 | D:1      | 0 ||| qw: God list: Okawaru
     0 | D:1      | 0 ||| qw: Allow faded altars: false
     0 | D:1      | 0 ||| qw: Do Orc after D:15 true
     0 | D:1      | 0 ||| qw: Do second Lair branch before Depths: true
     0 | D:1      | 0 ||| qw: Lair rune preference: random
     0 | D:1      | 0 ||| qw: Plans: Normal, Zot:1-4, Slime:5, God:TSO, Crypt,
                  | Tomb, Abyss, Pan, Hells, Win
     0 | D:1      | 0 ||| PLANNING D:1-11
   373 | D:1      | Reached XP level 2. HP: 17/17 MP: 2/2
   423 | D:1      | Noticed a golden eye
   427 | D:1      | Found a faded altar of an unknown god.
   429 | D:1      | 429 ||| DROPPING scroll of butterflies.
   430 | D:1      | Noticed a great orb of eyes
   430 | D:1      | Noticed an eye of devastation
   430 | D:1      | Noticed a golden eye
   833 | D:2      | Reached XP level 3. HP: 21/21 MP: 3/3
   993 | D:2      | Reached skill level 5 in Ranged Weapons
  1112 | D:2      | Found a runed translucent door.
  1113 | D:2      | Noticed Crazy Yiuf
  1470 | D:2      | 1470 ||| READING scroll labelled DIKLUBR YGRA.
  1471 | D:2      | 1471 ||| READING scroll labelled MIKULU UMUIWO.
  1472 | D:2      | 1472 ||| READING scroll labelled ULECEM ZICAI.
  1925 | D:3      | Reached skill level 3 in Fighting
  1938 | D:3      | Reached XP level 4. HP: 25/28 MP: 4/4
  2267 | D:3      | 2267 ||| UPGRADING to +0 ring mail.
  2277 | D:3      | 2277 ||| DROPPING +0 leather armour.
  2278 | D:3      | 2278 ||| READING 2 scrolls labelled DUOFUK TENTIE.
  2282 | D:3      | 2282 ||| READING scroll labelled OPTAPEXEEM.
  2337 | D:4      | Found a runed translucent gate.
  2337 | D:4      | Found a runed translucent gate.
  2338 | D:4      | Found a runed translucent gate.
  2503 | D:4      | Noticed qw's ghost (weakling NaHu)
  2527 | D:4      | Identified the +2 cloak of the Game of Life {*Corrode +Inv
                  | rN++}
  2590 | D:4      | Reached skill level 1 in Armour
  2709 | D:4      | 2709 ||| FLEEEEING.
  2710 | D:4      | 2710 ||| FLEEEEING.
  2711 | D:4      | 2711 ||| FLEEEEING.
  2712 | D:4      | 2712 ||| FLEEEEING.
  2713 | D:4      | 2713 ||| FLEEEEING.
  2714 | D:4      | 2714 ||| FLEEEEING.
  2715 | D:4      | 2715 ||| FLEEEEING.
  2716 | D:4      | 2716 ||| FLEEEEING.
  2717 | D:4      | 2717 ||| FLEEEEING.
  2718 | D:4      | 2718 ||| FLEEEEING.
  2720 | D:4      | 2720 ||| FLEEEEING.
  2722 | D:4      | 2722 ||| FLEEEEING.
  2723 | D:4      | 2723 ||| FLEEEEING.
  2725 | D:4      | 2725 ||| FLEEEEING.
  2726 | D:4      | 2726 ||| FLEEEEING.
  2727 | D:4      | 2727 ||| FLEEEEING.
  2728 | D:4      | 2728 ||| FLEEEEING.
  2729 | D:4      | 2729 ||| FLEEEEING.
  2730 | D:4      | 2730 ||| FLEEEEING.
  2733 | D:4      | 2733 ||| FLEEEEING.
  2734 | D:4      | 2734 ||| FLEEEEING.
  2735 | D:4      | 2735 ||| FLEEEEING.
  2736 | D:4      | 2736 ||| FLEEEEING.
  2738 | D:4      | 2738 ||| FLEEEEING.
  2739 | D:4      | 2739 ||| FLEEEEING.
  2740 | D:4      | 2740 ||| FLEEEEING.
  2741 | D:4      | 2741 ||| FLEEEEING.
  2742 | D:4      | 2742 ||| FLEEEEING.
  2743 | D:4      | 2743 ||| FLEEEEING.
  2745 | D:4      | 2745 ||| FLEEEEING.
  2746 | D:4      | 2746 ||| FLEEEEING.
  2747 | D:4      | 2747 ||| FLEEEEING.
  2748 | D:4      | 2748 ||| FLEEEEING.
  2749 | D:4      | 2749 ||| FLEEEEING.
  2750 | D:4      | 2750 ||| FLEEEEING.
  2751 | D:4      | 2751 ||| FLEEEEING.
  2755 | D:4      | 2755 ||| FLEEEEING.
  2757 | D:4      | 2757 ||| FLEEEEING.
  2758 | D:4      | 2758 ||| FLEEEEING.
  2922 | D:4      | Reached XP level 5. HP: 32/32 MP: 5/5
  2979 | D:4      | 2979 ||| UPGRADING to +2 cloak of the Game of Life
                  | {*Corrode +Inv rN++}.
  2984 | D:4      | 2984 ||| DRINKING 2 sedimented coppery potions.
  3000 | D:5      | Entered Level 5 of the Dungeon
  3095 | D:5      | Noticed an ogre
  3101 | D:5      | Reached skill level 6 in Ranged Weapons
  3103 | D:5      | Noticed Sigmund
  3105 | D:5      | Killed an ogre
  3106 | D:5      | Reached XP level 6. HP: 24/38 MP: 6/6
  3106 | D:5      | 3106 ||| FLEEEEING.
  3107 | D:5      | 3107 ||| FLEEEEING.
  3108 | D:5      | 3108 ||| FLEEEEING.
  3109 | D:5      | 3109 ||| FLEEEEING.
  3110 | D:5      | 3110 ||| FLEEEEING.
  3123 | D:5      | Killed Sigmund
  3124 | D:5      | Reached skill level 7 in Ranged Weapons
  3231 | D:5      | Noticed Blork the orc
  3236 | D:5      | 3236 ||| FLEEEEING.
  3237 | D:5      | 3237 ||| FLEEEEING.
  3241 | D:5      | Reached XP level 7. HP: 40/43 MP: 7/7
  3244 | D:5      | Killed Blork the orc
  3409 | D:5      | Reached skill level 8 in Ranged Weapons
  3424 | D:5      | Noticed Duvessa
  3444 | D:5      | Killed Duvessa
  3445 | D:5      | Noticed Dowan
  3446 | D:5      | 3446 ||| FLEEEEING.
  3447 | D:5      | 3447 ||| FLEEEEING.
  3452 | D:5      | 3452 ||| STAIRDANCE
  3562 | D:4      | 3562 ||| READING scroll labelled CIPLAE HOIPA.
  3563 | D:4      | 3563 ||| DRINKING 2 sedimented blue potions.
  3625 | D:5      | 3625 ||| Stepping ~*~*~tactically~*~*~ (outnumbered).
  3631 | D:5      | 3631 ||| Stepping ~*~*~tactically~*~*~ (outnumbered).
  3631 | D:5      | Found a staircase to the Ecumenical Temple.
  3632 | D:5      | 3632 ||| PLANNING TEMPLE
  3645 | D:5      | 3645 ||| READING scroll labelled LIOK UG HAUZAE.
  3645 | D:5      | Identified a scroll of acquirement
  3645 | D:5      | 3645 ||| ACQUIRING +2 longbow of freezing
  3645 | D:5      | Acquired a +2 longbow of freezing
  3647 | D:5      | 3647 ||| SWAPPING to +2 longbow of freezing.
  3648 | D:5      | 3648 ||| DROPPING +0 shortbow of electrocution.
  3657 | Temple   | Entered the Ecumenical Temple
  3684 | Temple   | 3684 ||| PLANNING OKAWARU WORSHIP
  3844 | Temple   | Became a worshipper of Warmaster Okawaru
  3844 | Temple   | 3844 ||| PLANNING D:1-11
  3878 | D:5      | Found a bloodstained altar of Trog.
  3878 | D:5      | Found a shimmering altar of Xom.
  3878 | D:5      | Found an ornate altar of the Wu Jian Council.
  3964 | D:5      | Killed Dowan
  3986 | D:5      | Found Zuyvy's Neck Hole.
  3993 | D:5      | 3993 ||| SHOPLISTING amulet of reflection (360 gold, have
                  | 196).
  3993 | D:5      | 3993 ||| SHOPLISTING amulet of the acrobat (360 gold, have
                  | 196).
  4059 | D:5      | Reached XP level 8. HP: 49/49 MP: 8/8
  4348 | D:5      | 4348 ||| READING scroll labelled AFAASKAMOI.
  4349 | D:5      | 4349 ||| READING 2 scrolls of identify.
  4349 | D:5      | 4349 ||| IDENTIFYING glowing red potion
  4350 | D:5      | 4350 ||| DROPPING potion of berserk rage.
  4426 | D:6      | Found an ancient bone altar of Kikubaaqudgha.
  4533 | D:6      | Reached skill level 9 in Ranged Weapons
  4589 | D:6      | Noticed Pikel
  4598 | D:6      | HP: 12/49 [Pikel/+0 whip of flaming (2)]
  4599 | D:6      | 4599 ||| READING 4 scrolls of teleportation.
  4599 | D:6      | HP: 4/49 [Pikel/+0 whip of flaming (7)]
  4599 | D:6      | HP: 1/49 [Pikel/+0 whip of flaming (3)]
  4600 | D:6      | 4600 ||| DRINKING potion of heal wounds.
  4602 | D:6      | Killed Pikel
  4602 | D:6      | Reached * piety under Okawaru
  4767 | D:6      | 4767 ||| READING scroll of acquirement.
  4767 | D:6      | 4767 ||| ACQUIRING +1 cloak "Eppeim" {rF+ Will+}
  4767 | D:6      | Acquired the +1 cloak "Eppeim" {rF+ Will+}
  4769 | D:6      | 4769 ||| UPGRADING to +1 cloak "Eppeim" {rF+ Will+}.
  4779 | D:6      | 4779 ||| DROPPING +2 cloak of the Game of Life {*Corrode
                  | +Inv rN++}.
  4805 | D:6      | 4805 ||| UPGRADING to +0 helmet.
  4871 | D:6      | Found a sparkling altar of Nemelex Xobeh.
  4873 | D:6      | 4873 ||| INVOKING Heroism.
  4879 | D:6      | Reached skill level 1 in Invocations
  4879 | D:6      | Reached XP level 9. HP: 32/57 MP: 6/10
  5287 | D:6      | 5287 ||| DRINKING 2 puce potions.
  5288 | D:6      | 5288 ||| DRINKING 2 viscous sapphire potions.
  5289 | D:6      | 5289 ||| DRINKING 2 sedimented purple potions.
  5317 | D:6      | 5317 ||| READING 4 scrolls of identify.
  5317 | D:6      | 5317 ||| IDENTIFYING fuming coppery potion
  5318 | D:6      | 5318 ||| READING 3 scrolls of identify.
  5318 | D:6      | 5318 ||| IDENTIFYING lumpy puce potion
  5319 | D:6      | 5319 ||| READING 2 scrolls of identify.
  5319 | D:6      | 5319 ||| IDENTIFYING viscous purple potion
  5320 | D:6      | 5320 ||| DROPPING potion of invisibility.
  5321 | D:6      | 5321 ||| DROPPING potion of brilliance.
  5322 | D:6      | 5322 ||| DROPPING potion of degeneration.
  5376 | D:7      | Noticed Menkaure
  5377 | D:7      | 5377 ||| INVOKING Heroism.
  5380 | D:7      | Killed Menkaure
  5487 | D:7      | Reached skill level 3 in Invocations
  5533 | D:7      | Reached ** piety under Okawaru
  5612 | D:7      | 5612 ||| INVOKING Heroism.
  5819 | D:7      | 5819 ||| INVOKING Heroism.
  5838 | D:7      | Reached skill level 10 in Ranged Weapons
  6100 | D:8      | 6100 ||| INVOKING Heroism.
  6135 | D:8      | Reached skill level 3 in Armour
  6150 | D:8      | Noticed Psyche
  6151 | D:8      | 6151 ||| INVOKING Heroism.
  6158 | D:8      | Killed Psyche
  6418 | D:8      | 6418 ||| INVOKING Heroism.
  6421 | D:8      | Reached skill level 11 in Ranged Weapons
  6425 | D:8      | Reached skill level 3 in Dodging
  6429 | D:8      | Reached XP level 10. HP: 64/64 MP: 11/13
  6525 | D:8      | Noticed Amaemon
  6526 | D:8      | 6526 ||| INVOKING Heroism.
  6528 | D:8      | Noticed an orange demon
  6532 | D:8      | Killed Amaemon
  6538 | D:8      | Killed an orange demon
  6598 | D:8      | 6598 ||| INVOKING Heroism.
  6604 | D:8      | Reached skill level 12 in Ranged Weapons
  6614 | D:8      | 6614 ||| INVOKING Heroism.
  6647 | D:8      | 6647 ||| INVOKING Heroism.
  6656 | D:8      | 6656 ||| UPGRADING to +5 ring of evasion.
  6657 | D:8      | 6657 ||| READING scroll labelled ETIUCU KOOCAS.
  6853 | D:8      | Found a staircase to the Lair.
  7034 | D:8      | 7034 ||| PLANNING LAIR
  7034 | D:8      | 7034 ||| READING 2 scrolls of identify.
  7034 | D:8      | 7034 ||| IDENTIFYING smoky green potion
  7035 | D:8      | 7035 ||| DROPPING potion of enlightenment.
  7078 | Lair:1   | Entered Level 1 of the Lair of Beasts
  7079 | Lair:1   | 7079 ||| INVOKING Heroism.
  7150 | Lair:1   | Noticed a cane toad
  7151 | Lair:1   | 7151 ||| INVOKING Heroism.
  7159 | Lair:1   | Killed a cane toad
  7171 | Lair:1   | 7171 ||| INVOKING Heroism.
  7177 | Lair:1   | Reached skill level 13 in Ranged Weapons
  7514 | Lair:1   | 7514 ||| INVOKING Heroism.
  7633 | Lair:1   | 7633 ||| INVOKING Heroism.
  7636 | Lair:1   | Reached skill level 9 in Fighting
  7728 | Lair:1   | 7728 ||| INVOKING Heroism.
  7736 | Lair:1   | Reached XP level 11. HP: 68/71 MP: 11/14
  7751 | Lair:1   | 7751 ||| INVOKING Heroism.
  7976 | Lair:1   | 7976 ||| UPGRADING to +0 pair of boots.
  7981 | Lair:1   | 7981 ||| UPGRADING to ring of positive energy.
  7982 | Lair:1   | 7982 ||| READING scroll labelled BUOQUBB OPORGH.
  8066 | Lair:2   | Reached *** piety under Okawaru
  8078 | Lair:2   | 8078 ||| INVOKING Heroism.
  8128 | Lair:2   | 8128 ||| INVOKING Heroism.
  8141 | Lair:2   | Reached skill level 14 in Ranged Weapons
  8141 | Lair:2   | Noticed a seven-headed hydra
  8145 | Lair:2   | Noticed a skyshark
  8151 | Lair:2   | Killed a seven-headed hydra
  8158 | Lair:2   | 8158 ||| INVOKING Heroism.
  8161 | Lair:2   | Killed a skyshark
  8161 | Lair:2   | Received a gift from Okawaru
  8169 | Lair:2   | Noticed a catoblepas
  8176 | Lair:2   | 8176 ||| INVOKING Heroism.
  8180 | Lair:2   | Killed a catoblepas
  8240 | Lair:2   | 8240 ||| INVOKING Heroism.
  8337 | Lair:2   | Noticed a six-headed hydra
  8338 | Lair:2   | 8338 ||| INVOKING Heroism.
  8352 | Lair:2   | Killed a six-headed hydra
  8352 | Lair:2   | Reached **** piety under Okawaru
  8389 | Lair:2   | Identified the ring of the Peasants {Ice rElec Str+6 Dex+4}
  8438 | Lair:2   | 8438 ||| INVOKING Heroism.
  8522 | Lair:2   | 8522 ||| INVOKING Heroism.
  8528 | Lair:2   | Reached XP level 12. HP: 58/77 MP: 12/15
  8636 | Lair:2   | Received a gift from Okawaru
  8656 | Lair:2   | 8656 ||| INVOKING Heroism.
  8711 | Lair:2   | Reached skill level 15 in Ranged Weapons
  8785 | Lair:2   | Reached skill level 6 in Invocations
  8898 | Lair:2   | Reached skill level 6 in Armour
  9517 | Lair:2   | 9517 ||| UPGRADING to ring of the Peasants {Ice rElec Str+6
                  | Dex+4}.
  9519 | Lair:2   | 9519 ||| UPGRADING to +5 ring of evasion.
  9521 | Lair:2   | 9521 ||| READING scroll labelled NOKHLO MAICAE.
  9622 | Lair:2   | 9622 ||| READING scroll labelled DUICWA MYROIKH.
  9723 | Lair:3   | 9723 ||| INVOKING Heroism.
  9843 | Lair:3   | Noticed a five-headed hydra
  9844 | Lair:3   | 9844 ||| INVOKING Heroism.
  9847 | Lair:3   | 9847 ||| Stepping ~*~*~tactically~*~*~ (outnumbered).
  9877 | Lair:3   | Reached ***** piety under Okawaru
  9895 | Lair:3   | 9895 ||| INVOKING Finesse.
  9914 | Lair:3   | Killed a five-headed hydra
  9918 | Lair:3   | 9918 ||| INVOKING Heroism.
 10069 | Lair:3   | Noticed a death yak
 10070 | Lair:3   | 10070 ||| INVOKING Heroism.
 10071 | Lair:3   | Noticed a death yak
 10071 | Lair:3   | Noticed a death yak
 10079 | Lair:3   | Killed a death yak
 10080 | Lair:3   | Reached skill level 9 in Invocations
 10080 | Lair:3   | 10080 ||| INVOKING Finesse.
 10084 | Lair:3   | Killed a death yak
 10090 | Lair:3   | Killed a death yak
 10169 | Lair:3   | 10169 ||| INVOKING Heroism.
 10224 | Lair:3   | Noticed a boulder beetle
 10225 | Lair:3   | 10225 ||| INVOKING Heroism.
 10226 | Lair:3   | 10226 ||| INVOKING Finesse.
 10246 | Lair:3   | Killed a boulder beetle
 10247 | Lair:3   | Reached XP level 13. HP: 42/82 MP: 14/20
 10382 | Lair:3   | 10382 ||| INVOKING Heroism.
 10390 | Lair:3   | Reached skill level 16 in Ranged Weapons
 10415 | Lair:3   | Noticed Fannar
 10432 | Lair:3   | 10432 ||| INVOKING Heroism.
 10442 | Lair:3   | Killed Fannar
 10537 | Lair:3   | 10537 ||| INVOKING Heroism.
 10763 | Lair:3   | Found a staircase to the Shoals.
 10765 | Lair:3   | 10765 ||| Stepping ~*~*~tactically~*~*~ (outnumbered).
 10841 | Lair:3   | 10841 ||| INVOKING Heroism.
 10842 | Lair:3   | 10842 ||| Stepping ~*~*~tactically~*~*~ (water).
 10884 | Lair:3   | Reached skill level 6 in Dodging
 10987 | Lair:3   | Found the +3 pair of seven-league boots {Rampage+∞}
 11101 | Lair:3   | Found a staircase to the Snake Pit.
 11230 | Lair:3   | 11230 ||| UPGRADING to +2 robe of cold resistance.
 11240 | Lair:3   | 11240 ||| DROPPING +0 ring mail.
 11241 | Lair:3   | 11241 ||| UPGRADING to +3 pair of seven-league boots
                  | {Rampage+∞}.
 11251 | Lair:3   | 11251 ||| DROPPING +0 pair of boots.
 11252 | Lair:3   | 11252 ||| READING 2 scrolls of identify.
 11252 | Lair:3   | 11252 ||| IDENTIFYING black potion
 11282 | Lair:4   | 11282 ||| INVOKING Heroism.
 11283 | Lair:4   | 11283 ||| INVOKING Finesse.
 11343 | Lair:4   | Found a staircase to the Slime Pits.
 11343 | Lair:4   | Found a viscous altar of Jiyva.
 11430 | Lair:4   | 11430 ||| INVOKING Heroism.
 11527 | Lair:4   | 11527 ||| INVOKING Heroism.
 11879 | Lair:4   | 11879 ||| INVOKING Heroism.
 12126 | Lair:5   | Entered Level 5 of the Lair of Beasts
 12127 | Lair:5   | 12127 ||| INVOKING Heroism.
 12132 | Lair:5   | Reached skill level 17 in Ranged Weapons
 12153 | Lair:5   | 12153 ||| INVOKING Finesse.
 12173 | Lair:5   | Received a gift from Okawaru
 12227 | Lair:5   | 12227 ||| INVOKING Heroism.
 12261 | Lair:5   | 12261 ||| INVOKING Finesse.
 12265 | Lair:5   | 12265 ||| INVOKING Heroism.
 12280 | Lair:5   | Gained mutation: Your large and strong wings let you fly.
                  | [Gargoyle growth]
 12280 | Lair:5   | Reached XP level 14. HP: 90/90 MP: 14/21
 12430 | Lair:5   | 12430 ||| INVOKING Heroism.
 12439 | Lair:5   | 12439 ||| INVOKING Finesse.
 12510 | Lair:5   | 12510 ||| INVOKING Heroism.
 12515 | Lair:5   | Received a gift from Okawaru
 12529 | Lair:5   | Reached skill level 18 in Ranged Weapons
 12633 | Lair:5   | 12633 ||| INVOKING Heroism.
 12750 | Lair:5   | 12750 ||| READING scroll of enchant armour.
 12750 | Lair:5   | 12750 ||| ENCHANTING +0 helmet.
 12813 | Lair:5   | 12813 ||| INVOKING Heroism.
 12824 | Lair:5   | 12824 ||| INVOKING Finesse.
 12840 | Lair:5   | Reached skill level 12 in Fighting
 12841 | Lair:5   | Noticed an azure jelly
 12847 | Lair:5   | Killed an azure jelly
 12985 | Lair:5   | 12985 ||| INVOKING Heroism.
 12986 | Lair:5   | 12986 ||| INVOKING Finesse.
 13038 | Lair:5   | 13038 ||| INVOKING Heroism.
 13079 | Lair:5   | 13079 ||| INVOKING Finesse.
 13092 | Lair:5   | 13092 ||| INVOKING Heroism.
 13231 | Lair:5   | 13231 ||| INVOKING Heroism.
 13232 | Lair:5   | 13232 ||| INVOKING Finesse.
 13321 | Lair:5   | 13321 ||| INVOKING Heroism.
 13322 | Lair:5   | 13322 ||| INVOKING Finesse.
 13522 | Lair:5   | 13522 ||| PLANNING D:1-11
 13522 | Lair:5   | 13522 ||| UPGRADING to amulet of the acrobat.
 13527 | Lair:5   | 13527 ||| UPGRADING to amulet of regeneration.
 13537 | Lair:5   | 13537 ||| DROPPING amulet of the acrobat.
 14013 | D:9      | Found a flagged portal.
 14014 | D:9      | 14014 ||| Stepping ~*~*~tactically~*~*~ (outnumbered).
 14016 | D:9      | 14016 ||| Stepping ~*~*~tactically~*~*~ (outnumbered).
 14018 | D:9      | 14018 ||| Stepping ~*~*~tactically~*~*~ (outnumbered).
 14020 | D:9      | 14020 ||| Stepping ~*~*~tactically~*~*~ (outnumbered).
 14025 | D:9      | 14025 ||| Stepping ~*~*~tactically~*~*~ (outnumbered).
 14370 | D:9      | 14370 ||| UPGRADING to +0 acid dragon scales.
 14380 | D:9      | 14380 ||| DROPPING ring of magical power.
 14381 | D:9      | 14381 ||| READING 2 scrolls of identify.
 14381 | D:9      | 14381 ||| IDENTIFYING fuming dark potion
 14402 | D:10     | Entered Level 10 of the Dungeon
 14428 | D:10     | 14428 ||| Stepping randomly (disturbance).
 14525 | D:10     | Reached XP level 15. HP: 92/96 MP: 22/22
 14559 | D:10     | Noticed Sonja
 14560 | D:10     | 14560 ||| INVOKING Finesse.
 14566 | D:10     | Killed Sonja
 14626 | D:10     | Identified the +0 pair of gloves of the Tormentor {rF+ rN+
                  | rCorr Stlth-} (Okawaru gifted it to you on level 10 of the
                  | Dungeon)
 14626 | D:10     | Received a gift from Okawaru
 14660 | D:10     | Reached skill level 19 in Ranged Weapons
 15172 | D:10     | 15172 ||| UPGRADING to +0 pair of gloves of the Tormentor
                  | {rF+ rN+ rCorr Stlth-}.
 15177 | D:10     | 15177 ||| UPGRADING to +2 robe of cold resistance.
 15187 | D:10     | 15187 ||| UPGRADING to +2 robe of willpower.
 15267 | D:11     | Noticed Nergalle
 15269 | D:11     | Killed Nergalle
 15304 | D:11     | 15304 ||| Stepping ~*~*~tactically~*~*~ (outnumbered).
 15306 | D:11     | 15306 ||| Stepping ~*~*~tactically~*~*~ (outnumbered).
 15350 | D:11     | Found a staircase to the Orcish Mines.
 15876 | D:11     | 15876 ||| PLANNING D
 16338 | D:12     | 16338 ||| UPGRADING to +0 troll leather armour.
 16348 | D:12     | 16348 ||| DROPPING +2 robe of willpower.
 16349 | D:12     | 16349 ||| READING scroll labelled EDDUEKK QIOWN.
 16616 | D:13     | You are sucked into a shaft and drop 2 floors!
 16616 | D:15     | Entered Level 15 of the Dungeon
 16619 | D:15     | 16619 ||| INVOKING Heroism.
 16669 | D:14     | 16669 ||| INVOKING Heroism.
 16678 | D:14     | Reached skill level 9 in Dodging
 16713 | D:14     | HP: 19/98 [centaur warrior/arrow (17)]
 16714 | D:14     | 16714 ||| READING 6 scrolls of teleportation.
 16715 | D:14     | 16715 ||| DRINKING potion of heal wounds.
 16735 | D:14     | 16735 ||| INVOKING Heroism.
 16830 | D:13     | Noticed Frances
 16831 | D:13     | 16831 ||| INVOKING Heroism.
 16832 | D:13     | 16832 ||| INVOKING Finesse.
 16832 | D:13     | Noticed Nessos
 16844 | D:13     | Killed Frances
 16845 | D:13     | 16845 ||| PLANNING D
 16849 | D:13     | Killed Nessos
 16851 | D:13     | 16851 ||| Stepping randomly (disturbance).
 16852 | D:13     | 16852 ||| Stepping randomly (disturbance).
 16853 | D:13     | 16853 ||| Stepping randomly (disturbance).
 16967 | D:13     | Found a gate to the Vaults.
 16970 | D:13     | 16970 ||| Stepping ~*~*~tactically~*~*~ (outnumbered).
 17061 | D:13     | 17061 ||| INVOKING Heroism.
 17190 | D:13     | 17190 ||| DROPPING +2 robe of cold resistance.
 17232 | D:14     | 17232 ||| READING scroll of brand weapon.
 17232 | D:14     | 17232 ||| BRANDING +2 longbow of freezing.
 17589 | D:15     | 17589 ||| INVOKING Heroism.
 17592 | D:15     | Reached skill level 20 in Ranged Weapons
 17594 | D:15     | 17594 ||| Stepping ~*~*~tactically~*~*~ (outnumbered).
 17755 | D:15     | 17755 ||| INVOKING Heroism.
 18015 | D:15     | 18015 ||| FLEEEEING.
 18016 | D:15     | 18016 ||| FLEEEEING.
 18017 | D:15     | 18017 ||| FLEEEEING.
 18018 | D:15     | 18018 ||| FLEEEEING.
 18019 | D:15     | 18019 ||| FLEEEEING.
 18020 | D:15     | 18020 ||| FLEEEEING.
 18021 | D:15     | 18021 ||| FLEEEEING.
 18022 | D:15     | 18022 ||| FLEEEEING.
 18023 | D:15     | 18023 ||| FLEEEEING.
 18024 | D:15     | 18024 ||| FLEEEEING.
 18025 | D:15     | 18025 ||| FLEEEEING.
 18026 | D:15     | 18026 ||| FLEEEEING.
 18027 | D:15     | 18027 ||| FLEEEEING.
 18028 | D:15     | 18028 ||| FLEEEEING.
 18029 | D:15     | 18029 ||| FLEEEEING.
 18030 | D:15     | 18030 ||| FLEEEEING.
 18031 | D:15     | 18031 ||| FLEEEEING.
 18032 | D:15     | 18032 ||| FLEEEEING.
 18033 | D:15     | 18033 ||| FLEEEEING.
 18034 | D:15     | 18034 ||| FLEEEEING.
 18035 | D:15     | 18035 ||| INVOKING Heroism.
 18217 | D:15     | 18217 ||| INVOKING Heroism.
 18236 | D:15     | Reached XP level 16. HP: 105/105 MP: 16/23
 18275 | D:15     | Found a staircase to the Depths.
 18305 | D:15     | 18305 ||| PLANNING ORC
 18305 | D:15     | 18305 ||| READING scroll labelled JOCWUI TEBRUMN.
 18393 | Orc:1    | Entered Level 1 of the Orcish Mines
 18443 | Orc:1    | Found a frozen archway.
 18480 | Orc:1    | Noticed Urug
 18481 | Orc:1    | 18481 ||| INVOKING Heroism.
 18482 | Orc:1    | 18482 ||| INVOKING Finesse.
 18494 | Orc:1    | Killed Urug
 18556 | Orc:1    | Found Kinac's Antique Armour Boutique.
 18582 | Orc:1    | 18582 ||| BUYING dyed leather armour (180 gold).
 18582 | Orc:1    | Bought a dyed leather armour for 180 gold pieces
 18582 | Orc:1    | 18582 ||| BUYING pair of runed gloves (270 gold).
 18582 | Orc:1    | Bought a pair of runed gloves for 270 gold pieces
 18663 | Orc:1    | 18663 ||| DROPPING +1 leather armour of poison resistance.
 18664 | Orc:1    | 18664 ||| DROPPING +1 pair of gloves of infusion.
 18684 | Orc:2    | Entered Level 2 of the Orcish Mines
 18699 | Orc:2    | 18699 ||| INVOKING Heroism.
 18705 | Orc:2    | 18705 ||| INVOKING Finesse.
 19217 | Orc:2    | 19217 ||| INVOKING Heroism.
 19244 | Orc:2    | Reached skill level 15 in Fighting
 19256 | Orc:2    | Found Saenwav's Magic Scroll Emporium.
 19264 | Orc:2    | Found Ralid's General Store.
 19275 | Orc:2    | 19275 ||| BUYING scroll of enchant weapon (135 gold).
 19275 | Orc:2    | Bought a scroll of enchant weapon for 135 gold pieces
 19275 | Orc:2    | 19275 ||| BUYING scroll of identify (36 gold).
 19275 | Orc:2    | Bought a scroll of identify for 36 gold pieces
 19275 | Orc:2    | 19275 ||| BUYING scroll of teleportation (54 gold).
 19275 | Orc:2    | Bought a scroll of teleportation for 54 gold pieces
 19275 | Orc:2    | 19275 ||| READING scroll of enchant weapon.
 19275 | Orc:2    | 19275 ||| ENCHANTING +2 longbow of draining.
 19305 | Orc:2    | 19305 ||| INVOKING Heroism.
 19306 | Orc:2    | 19306 ||| Stepping ~*~*~tactically~*~*~ (outnumbered).
 19349 | Orc:2    | 19349 ||| Stepping ~*~*~tactically~*~*~ (outnumbered).
 19352 | Orc:2    | Reached skill level 9 in Armour
 19371 | Orc:2    | 19371 ||| INVOKING Heroism.
 19407 | Orc:2    | 19407 ||| INVOKING Heroism.
 19466 | Orc:2    | Found a staircase to the Elven Halls.
 19772 | Orc:2    | Found Fasy's Book Boutique.
 19772 | Orc:2    | Found Ysalinu's Antique Armour Shop.
 19773 | Orc:2    | 19773 ||| INVOKING Heroism.
 19774 | Orc:2    | 19774 ||| Stepping ~*~*~tactically~*~*~ (outnumbered).
 19787 | Orc:2    | Found a one-way gate leading to the halls of Pandemonium.
 19791 | Orc:2    | 19791 ||| BUYING glowing cloak (187 gold).
 19791 | Orc:2    | Bought a glowing cloak for 187 gold pieces
 19791 | Orc:2    | 19791 ||| BUYING shiny ring mail (175 gold).
 19791 | Orc:2    | Bought a shiny ring mail for 175 gold pieces
 19792 | Orc:2    | 19792 ||| PLANNING SNAKE:1-3
 19792 | Orc:2    | 19792 ||| DROPPING +1 ring mail of cold resistance.
 20097 | Snake:1  | Entered Level 1 of the Snake Pit
 20137 | Snake:1  | 20137 ||| INVOKING Heroism.
 20187 | Snake:1  | Identified Roxanne's Anthology of Shapes
 20187 | Snake:1  | Noticed Roxanne
 20188 | Snake:1  | 20188 ||| INVOKING Heroism.
 20189 | Snake:1  | 20189 ||| INVOKING Finesse.
 20204 | Snake:1  | Killed Roxanne
 20409 | Snake:1  | Noticed vinnietd's ghost (adept HaFi)
 20417 | Snake:1  | Noticed Jorgrun
 20417 | Snake:1  | Noticed Asterion
 20418 | Snake:1  | 20418 ||| INVOKING Heroism.
 20434 | Snake:1  | Killed Jorgrun
 20435 | Snake:1  | 20435 ||| INVOKING Finesse.
 20436 | Snake:1  | 20436 ||| INVOKING Heroism.
 20438 | Snake:1  | HP: 8/110 [Asterion/+2 spectral morningstar (28)]
 20438 | Snake:1  | Slain by Asterion

Levels and vault maps discovered:
D:1:      sevenhm_arrival_forest_fort_small_3, layout_basic,
          hellmonk_ecumenical_altar_watching_god, corexii_leaking_fountain
D:2:      layout_loops_ring, hangedman_decor_clover_reticule,
          uniq_crazy_yiuf_cottage
D:3:      layout_loops_corners
D:4:      layout_basic, gammafunk_ghost_necromancy, grunt_ministairs_6,
          reono_crystal_passage
D:5:      layout_gridville, gammafunk_temple_overflow_claw,
          minmay_temple_entry_mist, kennysheep_nub,
          nicolae_shop_sticking_my_neck_out, uniq_sigmund, uniq_duvessa,
          uniq_blork_the_orc
D:6:      layout_basic, mainiacjoe_overflow_alcove_4, tgw_kikubaaqudgha,
          hangedman_glass_teeth, uniq_pikel
D:7:      layout_loops_ring, uniq_menkaure
D:8:      layout_cave_pods, david_lair_generic, special_room [special_room_orc],
          uniq_psyche, uniq_amaemon
D:9:      layout_irregular_city, enter_bailey_5
D:10:     layout_roguey, onia_ninara_cookie, uniq_sonja
D:11:     layout_loops_ring, erik_orc_4, uniq_nergalle
D:12:     layout_cave_pools
D:13:     layout_roguey, david_vaults_2, serial_undead, serial_undead_a,
          serial_undead_b, serial_undead_e, serial_undead_f, uniq_nessos,
          uniq_frances
D:14:     layout_cave_pools
D:15:     hangedman_depths_entry_try_elsewhere_first, layout_small_grid,
          minivault_19, nicolae_splish_splash
Temple:   minmay_crystal_spiral_temple
Lair:1:   layout_cellular_growth, grunt_megastairs_1
Lair:2:   nzn_winding_woodlands_stair_trap [nzn_winding_woodlands_5x15_garden,
          nzn_winding_woodlands_5x15_crooked, nzn_winding_woodlands_5x15_jagged,
          nzn_winding_woodlands_15x15_five_gardens,
          nzn_winding_woodlands_5x15_pool, nzn_winding_woodlands_5x15_parted,
          nzn_winding_woodlands_5x15_cabin], layout_hall_layers
Lair:3:   layout_long_grid, elwin_shoals_entry_stream,
          nicolae_snake_entry_squirm, special_room [special_room_mythical_zoo],
          hellmonk_guarded_unrand_seven_league_boots, lemuel_fruit_tree,
          grunt_megastairs_5, infiniplex_staircase_pool_2, uniq_fannar
Lair:4:   layout_regular_city, minmay_slime_entry_pillars,
          infiniplex_staircase_pool
Lair:5:   evilmike_catoblepas_cave, layout_long_grid, grunt_forest_stairs_basic,
          nicolae_lair_time_for_slime, grunt_megastairs_3
Snake:1:  layout_onion_interference, gammafunk_ghost_arena, grunt_megastairs_4,
          minmay_shop_grove, uniq_jorgrun, uniq_asterion, uniq_roxanne
Orc:1:    layout_diamond_mine, basic_altar, portal_ice_cave_entry_pillars_2,
          serial_shops, shop, uniq_urug
Orc:2:    pf_orc_diabolical, layout_caves

Skill      XL: |  1  2  3  4  5  6  7  8  9 10 11 12 13 14 15 16 |
---------------+-------------------------------------------------+-----
Ranged Weapons | 5 6 7 8 9 11 13 14 15 17 18 20 | 20.0
Fighting       | 3 4 5 7 8 9 10 11 12 13 16 | 16.0
Armour         | 1 2 3 4 5 6 7 8 9 |  9.0
Dodging        | 2 3 4 5 7 8 9 10 | 10.0
Invocations    | 1 4 5 9 10 | 10.1
Stealth        | |  1.1

Action                     |  1- 3 |  4- 6 |  7- 9 | 10-12 | 13-15 | 16-18 || total
---------------------------+-------+-------+-------+-------+-------+-------++-------
   Fire: Shortbow          |   132 |    61 |    49 |       |       |       ||   242
         Longbow           |       |       |   168 |   516 |  1242 |   509 ||  2435
 Invoke: Heroism           |       |       |     7 |    26 |    29 |    11 ||    73
         Finesse           |       |       |       |     3 |    11 |     4 ||    18
    Use: Scroll            |     3 |     2 |     9 |     5 |     6 |     2 ||    27
         Potion            |       |     1 |     5 |       |     1 |       ||     7
 Armour: Leather armour    |    26 |     1 |       |       |       |       ||    27
         Ring mail         |       |     7 |    46 |   112 |    11 |       ||   176
         Robe              |       |       |       |       |    67 |       ||    67
         Acid dragon scale |       |       |       |       |    15 |       ||    15
         Troll leather arm |       |       |       |       |    85 |    34 ||   119
  Dodge: Dodged            |    47 |    10 |    60 |   359 |   489 |   142 ||  1107

Table legend:
 A = Non-vault XP
 B = Vault XP
 C = Vault XP percentage of total XP
 D = Non-vault monster count
 E = Vault monster count
 F = Vault count percentage of total count
                 A         B        C        D         E       F
            +---------+---------+-------+---------+---------+-------
      Total |   83154 |   82892 |  49.9 |     428 |     288 |  40.2
            +---------+---------+-------+---------+---------+-------
        D:1 |      17 |       0 |   0.0 |      11 |       0 |   0.0
        D:2 |      27 |       0 |   0.0 |      16 |       0 |   0.0
        D:3 |      55 |       0 |   0.0 |      18 |       0 |   0.0
        D:4 |      67 |       2 |   2.9 |       7 |       1 |  12.5
        D:5 |     513 |     548 |  51.6 |      16 |       4 |  20.0
        D:6 |     608 |     617 |  50.4 |      16 |       1 |   5.9
        D:7 |     656 |     172 |  20.8 |      16 |       1 |   5.9
        D:8 |     438 |    2923 |  87.0 |      14 |      34 |  70.8
        D:9 |    2277 |       7 |   0.3 |      30 |       4 |  11.8
       D:10 |    3696 |    6118 |  62.3 |      17 |      22 |  56.4
       D:11 |    1693 |    1482 |  46.7 |      10 |      18 |  64.3
       D:12 |    3379 |       0 |   0.0 |      16 |       0 |   0.0
       D:13 |    5024 |    8124 |  61.8 |      14 |      14 |  50.0
       D:14 |    7779 |       0 |   0.0 |      15 |       0 |   0.0
       D:15 |    6603 |    5044 |  43.3 |      19 |       7 |  26.9
     Lair:1 |    3236 |     849 |  20.8 |      13 |       4 |  23.5
     Lair:2 |    3977 |    7777 |  66.2 |      20 |      24 |  54.5
     Lair:3 |    6924 |   11262 |  61.9 |      16 |      42 |  72.4
     Lair:4 |    6368 |     381 |   5.6 |      24 |       4 |  14.3
     Lair:5 |   15948 |   15498 |  49.3 |      38 |      38 |  50.0
    Snake:1 |    6725 |    7011 |  51.0 |      13 |       8 |  38.1
      Orc:1 |    1663 |     798 |  32.4 |      22 |       1 |   4.3
      Orc:2 |    5481 |   14279 |  72.3 |      47 |      61 |  56.5
            +---------+---------+-------+---------+---------+-------
